 Dungeon Crawl Stone Soup version 0.31-a0-538-gbc85326fa9 (webtiles) character file.

Game seed: 14670897911462818451

1425100 Voda the Eclecticist (level 26, 223/223 HPs)
             Began as a Mummy Summoner on Aug 13, 2023.
             Was the Champion of Ashenzari.
             Escaped with the Orb
             ... and 3 runes!
             The game lasted 06:59:10 (97546 turns).

Voda the Eclecticist (Mummy Summoner)              Turns: 97546, Time: 06:59:10

Health: 223/223    AC: 36    Str: 23    XL:     26   Next: 14%
Magic:  49/49      EV: 18    Int: 18    God:    Ashenzari [******]
Gold:   3347       SH: 25    Dex: 14    Spells: 5/69 levels left

rFire   + + +        S - +8 demon whip of the Ensconced Yoke {pain, Comp, Fort} (curse)
rCold   + + .        W - +5 kite shield "Sibylline Loss" {AC+3, Self, Fort} (curse)
rNeg    + + +        w - +6 fire dragon scales "At What Cost Knowledge?" {rF++ rC-, Fort, Bglg} (curse)
rPois   ∞            V - +2 helmet of the Shackled Negation {SInv, Melee, Comp} (curse)
rElec   +            o - scarf of Supernal Wisdom {repulsion, Fort, Melee} (curse)
rCorr   +            M - +2 pair of gloves of Ashenzari's Negation {Fort, Cun} (curse)
SInv    +            e - +2 pair of boots "I Foresaw This" {rF+, Bglg, Melee} (curse)
Will    +++++        R - amulet of the Revealing Moon {Reflect rC++ rN+ rCorr SH+5, Bglg, Comp} (curse)
Stlth   ++           E - ring "Suspicion of Ashenzari" {Fire rElec Will+++ Str-2 Stlth+, Bglg, Comp} (curse)
HPRegen 0.57/turn    h - ring "Shattered With Me" {Wiz rC+ Str+7, Cun, Self} (curse)
MPRegen 0.31/turn

%: repel missiles, reflection, clarity, faith, wizardry (x1)
@: studying Unarmed Combat
A: cold resistance 1, negative energy resistance 3, torment resistance 2, heat
vulnerability 1, in touch with death 2, no potions, faith
0: Orb of Zot
}: 3/15 runes: decaying, slimy, gossamer
a: Renounce Religion, Shatter the Chains


You escaped.
You worshipped Ashenzari.
Ashenzari was exalted by your worship.
You visited 12 branches of the dungeon, and saw 55 of its levels.
You visited the Abyss 1 time.
You also visited: Bailey, Gauntlet and Ice Cave.

You collected 7763 gold pieces.
You spent 4416 gold pieces at shops.

Inventory:

Hand Weapons
 S - the cursed +8 demon whip of the Ensconced Yoke (weapon) {pain, Comp, Fort}
   (You took it off a hell knight on level 2 of the Depths)

   It has a curse which improves the following skills: Companions: Summonings
   and Necromancy.
   Fortitude: Armour and Shields.
Missiles
 c - 21 atropa-tipped darts
 y - 7 throwing nets
 A - 12 curare-tipped darts
 I - 25 javelins
 X - 5 silver javelins
Armour
 e - the cursed +2 pair of boots "I Foresaw This" (worn) {rF+, Bglg, Melee}
   (You bought it in a shop on level 11 of the Dungeon)

   It has a curse which improves the following skills: Beguiling: Conjurations,
   Hexes and Translocations.
   Melee Combat: Short Blades, Long Blades, Axes, Maces & Flails, Polearms,
   Staves and Unarmed Combat.
 o - the cursed scarf of Supernal Wisdom (worn) {repulsion, Fort, Melee}
   (You found it on level 3 of the Dungeon)

   It has a curse which improves the following skills: Fortitude: Armour and
   Shields.
   Melee Combat: Short Blades, Long Blades, Axes, Maces & Flails, Polearms,
   Staves and Unarmed Combat.
 w - the cursed +6 fire dragon scales "At What Cost Knowledge?" (worn) {rF++ rC-, Fort, Bglg}
   (You found it on level 3 of the Depths)

   rF++:      It greatly protects you from fire.
   rC-:       It makes you vulnerable to cold.
   It has a curse which improves the following skills: Fortitude: Armour and
   Shields.
   Beguiling: Conjurations, Hexes and Translocations.
 M - the cursed +2 pair of gloves of Ashenzari's Negation (worn) {Fort, Cun}
   (You found it on level 9 of the Dungeon)

   It has a curse which improves the following skills: Fortitude: Armour and
   Shields.
   Cunning:   Dodging and Stealth.
 V - the cursed +2 helmet of the Shackled Negation (worn) {SInv, Melee, Comp}
   (You found it in a Gauntlet)

   It has a curse which improves the following skills: Melee Combat: Short
   Blades, Long Blades, Axes, Maces & Flails, Polearms, Staves and Unarmed
   Combat.
   Companions: Summonings and Necromancy.
 W - the cursed +5 kite shield "Sibylline Loss" (worn) {AC+3, Self, Fort}
   (You took it off Donald on level 1 of the Swamp)

   It has a curse which improves the following skills: Introspection: Fighting
   and Spellcasting.
   Fortitude: Armour and Shields.
Jewellery
 a - a +4 ring of protection
 h - the cursed ring "Shattered With Me" (right hand) {Wiz rC+ Str+7, Cun, Self}
   (You found it on level 2 of the Elven Halls)

   [ring of wizardry]

   Wiz:       It improves your spell success rate.
   Str+7:     It affects your strength (+7).
   rC+:       It protects you from cold.
   It has a curse which improves the following skills: Cunning: Dodging and
   Stealth.
   Introspection: Fighting and Spellcasting.
 m - a +4 ring of slaying
 t - the amulet "Welooj" {RegenMP Fly Regen+ Int+4 SInv}
   (You found it on level 5 of the Pits of Slime)

   [amulet of magic regeneration]

   RegenMP:   It increases your rate of magic regeneration.
   Int+4:     It affects your intelligence (+4).
   SInv:      It lets you see invisible.
   Fly:       It grants you flight.
   Regen+:    It increases your rate of health regeneration.
 v - a ring of protection from fire
 z - a ring of wizardry
 B - a ring of protection from cold
 E - the cursed ring "Suspicion of Ashenzari" (left hand) {Fire rElec Will+++ Str-2 Stlth+, Bglg, Comp}
   (You bought it in a shop on level 11 of the Dungeon)

   [ring of fire]

   Fire:      It enhances your fire magic.
   Str-2:     It affects your strength (-2).
   rF+:       It protects you from fire.
   rC-:       It makes you vulnerable to cold.
   rElec:     It insulates you from electricity.
   Will+++:   It greatly increases your willpower.
   Stlth+:    It makes you more stealthy.
   It has a curse which improves the following skills: Beguiling: Conjurations,
   Hexes and Translocations.
   Companions: Summonings and Necromancy.
 F - a ring of wizardry
 H - an amulet of the acrobat
 N - a ring of resist corrosion
 P - a ring of ice
 Q - the ring of Ignis's Displeasure {+Blink rC+ rCorr}
   (You found it in an ice cave)

   [ring of protection from cold]

   rC+:       It protects you from cold.
   +Blink:    It lets you blink.
   rCorr:     It protects you from acid and corrosion.
 R - the cursed amulet of the Revealing Moon (around neck) {Reflect rC++ rN+ rCorr SH+5, Bglg, Comp}
   (You found it in an ice cave)

   [amulet of reflection]

   Reflect:   It reflects blocked missile attacks.
   rC++:      It greatly protects you from cold.
   rN+:       It protects you from negative energy.
   rCorr:     It protects you from acid and corrosion.
   SH+5:      It affects your SH (+5).
   It has a curse which improves the following skills: Beguiling: Conjurations,
   Hexes and Translocations.
   Companions: Summonings and Necromancy.
 Z - a +4 ring of slaying
Wands
 p - a wand of paralysis (16)
 q - a wand of mindburst (68)
 s - a wand of polymorph (21)
 C - a wand of iceblast (52)
 D - a wand of quicksilver (24)
 G - a wand of flame (102)
 L - a wand of digging (17)
Scrolls
 b - a scroll of amnesia
 d - 9 scrolls of teleportation
 f - 7 scrolls of poison
 g - a scroll of silence
 i - 6 scrolls of fog
 j - 4 scrolls of immolation
 k - 3 scrolls of brand weapon
 l - a scroll of blinking
 n - 4 scrolls of fear
 r - 8 scrolls of revelation
 u - 6 scrolls of vulnerability
 x - 2 scrolls of torment
 K - 2 scrolls of butterflies
 T - 32 scrolls of identify
 U - a scroll of enchant weapon
Potions
 O - a potion of resistance
Miscellaneous
 J - a phantom mirror
 Y - a phial of floods


   Skills:
 + Level 18.2(21.6) Fighting
 + Level 12.3(17.5) Maces & Flails
 - Level 7.0(13.9) Staves
 + Level 14.6(21.1) Armour
 + Level 15.5(19.0) Dodging
 - Level 8.2(11.8) Stealth
 + Level 12.4(19.0) Shields
 + Level 18.8(22.1) Spellcasting
 + Level 14.8(20.4) Hexes
 + Level 16.3(21.8) Summonings
 + Level 14.2(19.9) Necromancy


You had 5 spell levels left.
You knew the following spells:

 Your Spells              Type           Power      Damage    Failure   Level
a - Summon Small Mammal   Summ           100%       N/A       0%          1
b - Summon Horrible Thin  Summ           39%        N/A       1%          8
c - Haunt                 Necr/Summ      60%        N/A       1%          7
d - Summon Guardian Gole  Hex/Summ       77%        N/A       0%          3
e - Summon Mana Viper     Hex/Summ       77%        N/A       1%          5
f - Anguish               Hex/Necr       59%        N/A       0%          4
g - Summon Hydra          Summ           39%        N/A       1%          7
h - Summon Cactus Giant   Summ           39%        N/A       1%          6
i - Cause Fear            Hex            38%        N/A       0%          4
j - Blink                 Tloc           46%        N/A       2%          2
k - Enfeeble              Hex            38%        N/A       1%          7
l - Vampiric Draining     Necr           100%       2d13      0%          3
m - Confusing Touch       Hex            76%        N/A       0%          3
n - Passage of Golubria   Tloc           23%        N/A       16%         4

Your spell library contained the following spells:

 Spells                   Type           Power      Damage    Failure   Level
 Necrotise                Necr           100%       1d9       0%          1
 Slow                     Hex            100%       N/A       0%          1
 Call Imp                 Summ           100%       N/A       0%          2
 Call Canine Familiar     Summ           78%        N/A       0%          3
 Animate Dead             Necr           100%       N/A       0%          4
 Dispel Undead            Necr           100%       3d31      0%          4
 Apportation              Tloc           46%        N/A       1%          1
 Kiss of Death            Conj/Necr      100%       2d13      1%          1
 Cigotuvi's Dreadful Rot  Necr/Pois/Air  100%       N/A       1%          2
 Ensorcelled Hibernation  Hex/Ice        100%       N/A       1%          2
 Dazzling Flash           Conj/Hex       100%       N/A       1%          3
 Animate Armour           Summ/Erth      100%       N/A       1%          4
 Fulminant Prism          Conj/Hex       27%        3d13      1%          4
 Leda's Liquefaction      Hex/Erth       27%        N/A       1%          4
 Summon Ice Beast         Ice/Summ       56%        N/A       1%          4
 Summon Lightning Spire   Summ/Air       56%        N/A       1%          4
 Borgnjor's Vile Clutch   Necr/Erth      45%        N/A       1%          5
 Metabolic Englaciation   Hex/Ice        27%        N/A       1%          5
 Silence                  Hex/Air        27%        N/A       1%          5
 Summon Forest            Summ/Tloc      28%        N/A       1%          5
 Freeze                   Ice            76%        1d8       2%          1
 Lesser Beckoning         Tloc           46%        N/A       2%          2
 Searing Ray              Conj           46%        2d6       2%          2
 Static Discharge         Conj/Air       42%        2-4/arc   2%          2
 Poisonous Vapours        Pois/Air       38%        N/A       3%          2
 Gell's Gravitas          Tloc           23%        N/A       4%          3
 Teleport Other           Tloc           23%        N/A       4%          3
 Hailstorm                Conj/Ice       21%        3d6       6%          3
 Mephitic Cloud           Conj/Pois/Air  21%        N/A       6%          3
 Vhi's Electric Charge    Tloc/Air       42%        N/A       6%          3
 Volatile Blastmotes      Fire/Tloc      64%        2d15      6%          3
 Frozen Ramparts          Ice            38%        1d6       7%          3
 Ignite Poison            Fire/Tmut/Pois 29%        N/A       7%          3
 Ozocubu's Armour         Ice            19%        N/A       7%          3
 Iskenderun's Mystic Bla  Conj/Tloc      23%        2d6       16%         4
 Manifold Assault         Tloc           23%        N/A       16%         4
 Sticky Flame             Conj/Fire      32%        2d5       19%         4
 Airstrike                Air            9%         2d(2-18)  22%         4
 Iskenderun's Battlesphe  Conj           23%        2d8       38%         5
 Arcjolt                  Conj/Air       10%        1d20      45%         5
 Fireball                 Conj/Fire      16%        3d8       45%         5
 Freezing Cloud           Conj/Ice/Air   10%        6-21      45%         5
 Alistair's Intoxication  Tmut/Pois      12%        N/A       50%         5
 Lee's Rapid Deconstruct  Erth           9%         3d7*      50%         5
 Death Channel            Necr           58%        N/A       1%          6
 Monstrous Menagerie      Summ           39%        N/A       1%          7
 Discord                  Hex            38%        N/A       3%          8
 Simulacrum               Ice/Necr       45%        N/A       6%          6
 Malign Gateway           Summ/Tloc      28%        N/A       17%         7
 Spellforged Servitor     Conj/Summ      28%        N/A       17%         7
 Dragon's Call            Summ           39%        N/A       26%         9
 Dispersal                Tloc           11%        N/A       90%         6
 Conjure Ball Lightning   Conj/Air       10%        3x3d6     94%         6
 Leda's Unmaking          Conj/Erth      10%        9d3       94%         6
 Starburst                Conj/Fire      16%        6d6       94%         6
 Eringya's Noxious Bog    Tmut/Pois      9%         4d6       96%         6
 Plasma Beam              Fire/Air       14%        2x1d25    96%         6
 Orb of Destruction       Conj           11%        9d6       100%        7
 Ozocubu's Refrigeration  Ice            9%         4d9       100%        7
 Disjunction              Tloc           11%        N/A       100%        8
 Ignition                 Fire           14%        3d6       100%        8
 Lehudib's Crystal Spear  Conj/Erth      10%        10d4      100%        8
 Polar Vortex             Ice            9%         12d1*     100%        9
 Sublimation of Blood     Necr           Unusable   N/A       N/A         2
 Wereblood                Tmut           Unusable   N/A       N/A         2

Dungeon Overview and Level Annotations

Branches:
Dungeon (15/15)            Temple (1/1) D:5            Lair (5/5) D:11
  Swamp (4/4) Lair:2       Spider (4/4) Lair:2        Slime (5/5) Lair:5
    Orc (2/2) D:9             Elf (3/3) Orc:2        Vaults (4/5) D:14
  Crypt (3/3) Vaults:2       Tomb (0/3) Crypt:3      Depths (4/4) D:15
    Zot (5/5) Depths:4     Bailey (visited)           IceCv (visited)
Gauntlet (visited)

Altars:
Ashenzari
Cheibriados
Dithmenos
Fedhas
Gozag
Hepliaklqana
Kikubaaqudgha
Makhleb
Nemelex Xobeh
Okawaru
Qazlal
Ru
Sif Muna
Trog
Uskayaw
Vehumet
Wu Jian
Xom
Yredelemnul
Jiyva

Shops:
D:2 =!   D:11 *   D:14 =?!(   Orc:2 *[(*   Elf:2 ![   Vaults:1 :
Depths:1 [==:(   Depths:2 =::

Portals:
Hell: Depths:1 Depths:2 Depths:3 Depths:4
Abyss: Depths:2 Depths:3
Pandemonium: Depths:1 Depths:2
Ziggurat: Depths:4

Annotations:
D:4 1 runed translucent door, Crazy Yiuf
D:5 2 transporters
D:11 exclusion: downstairs
Spider:2 Bai Suzhen
Elf:2 3 runed translucent doors
Crypt:1 Vv
Depths:3 2 transporters, Wimmiopn's ghost, adept MfGl


Innate Abilities, Weirdness & Mutations

You are immune to poison.
Your flesh is cold resistant. (rC+)
You are immune to negative energy. (rN+++)
You are immune to unholy pain and torment.
You are vulnerable to heat. (rF-)
You are strongly in touch with the powers of death.
You do not drink.
You have a special connection with the divine. (Faith)


Message History

Your wraith hits the Ice Fiend.
Your wraith drains the Ice Fiend's vigour!
The Ice Fiend seems to slow down.
You whack the Ice Fiend!
The Ice Fiend is severely wounded.
You whack the Ice Fiend!
The Ice Fiend is almost dead.
The Ice Fiend gestures at you. The bolt of cold misses you.
Your wraith barely misses the Ice Fiend.
Your wraith hits the Ice Fiend but does no damage. x2
Your wraith barely misses the Ice Fiend.
Your wraith hits the Ice Fiend but does no damage.
You catch the helpless Ice Fiend completely off-guard!
You hit the Ice Fiend.
The Ice Fiend is almost dead.
You whack the Ice Fiend!
The Ice Fiend is almost dead.
Your wraith hits the Ice Fiend but does no damage.
Your phantasmal warrior gestures at the Ice Fiend.
Your phantasmal warrior blinks!
Your wraith hits the Ice Fiend!
The Ice Fiend dies!
You swap places.
What level of the Dungeon? (default 1, ? - help)
You swap places.
Your wraith disappears in a puff of smoke!
Your wraith disappears in a puff of smoke!
Your phantasmal warrior disappears in a puff of smoke!
Your wraith disappears in a puff of smoke!
Your wraith disappears in a puff of smoke! x2
There is a stone staircase leading up here.
You climb upwards.
There is a stone staircase leading down here.
Magic restored.
You see here a +0 whip.
There is an open door here.
You sense a monster nearby.
There is a staircase leading out of the dungeon here.
You have escaped!

....##..#####≈≈≈≈≈≈≈#####.(######
#####.### #≈§≈[.§§.≈≈≈# ###.##
#.## #...§...§...# ##.# #{#
######'###### #.# ##.#####
###8'8#8### #####.##
#.##...###.........###..≈##.#
###.#....##...........##..≈≈#.###
..#.#....#............'#...≈#.##.
#.#.'...........@.....8'...≈+.##.
#.#.#....#............##.§.≈#.##.
#.#.#....##...........##.§≈≈#.##.
#.#.##...###.........###§.§##.##.
..##.##### ####8'8#### ######.##.
..##.# ######'###### #.###.
..##.## #§.§........# ##.###.
..###.### #§§§§§§§.≈≈≈# ###.##...
...###..#####≈§≈≈≈≈≈#####..###..~


There were no monsters in sight!

Vanquished Creatures
  the Royal Jelly (Slime:5)
  Tiamat (Zot:1)
  A dread lich (Crypt:3)
  3 orbs of fire
  Mennas (Vaults:2)
  A juggernaut (Zot:5)
  3 Killer Klowns
  A curse toe (Zot:5)
  4 golden dragons
  3 bone dragons
  An electric golem (Zot:5)
  6 tentacled monstrosities
  13 Orb Guardians (Zot:5)
  13 acid blobs
  3 sphinxes
  2 thorn hunters (Swamp:4)
  2 death cobs
  Frances (D:12)
  A draconian monk (Zot:1)
  8 rockslimes
  2 tengu reavers (Vaults:4)
  A fire giant (Depths:2)
  Aizul (Vaults:1)
  A daeva (Abyss:1)
  5 shadow dragons
  12 storm dragons
  An iron dragon (Depths:2)
  8 azure jellies
  6 draconian knights
  2 draconian scorchers
  A frost giant (Depths:3)
  2 deep elf sorcerers (Elf:1)
  2 caustic shrike zombies (Crypt:3)
  3 draconian shifters
  2 curse skulls
  4 emperor scorpions
  A juggernaut zombie (Crypt:3)
  8 ghost moths
  6 vault wardens
  A caustic shrike skeleton (Crypt:2)
  3 ghouls (Crypt:3)
  A cacodemon (D:13)
  3 draconian annihilators
  13 ironbound preservers
  3 draconian stormcallers
  18 vampire knights
  3 broodmothers (Spider:4)
  6 quicksilver oozes (Slime:5)
  3 stone giants
  A very ugly thing (Depths:2)
  5 ironbound thunderhulks
  A rockslime zombie (Crypt:3)
  7 green draconians
  Azrael (D:11)
  5 yellow draconians
  5 dire elephants
  12 white draconians
  12 red draconians
  10 black draconians
  7 purple draconians
  A deep elf annihilator (Vaults:3)
  6 starcursed masses (Abyss:1)
  A bunyip (Swamp:1)
  A spark wasp (Spider:3)
  An ettin (Depths:3)
  9 jiangshi
  18 eidola
  An acid blob zombie (Crypt:2)
  4 yaktaur captains
  7 great orbs of eyes
  2 deep elf death magi
  7 fire dragons
  2 spriggan zombies (Crypt:3)
  A deep elf high priest (Vaults:3)
  6 vault guards
  A quicksilver dragon skeleton (Crypt:3)
  12 hydras
  3 entropy weavers
  4 jorogumos
  3 spriggan air magi
  An ogre mage (Orc:2)
  11 ironbound frosthearts
  12 centaur warriors
  6 ice dragons
  A fenstrider witch skeleton (Crypt:2)
  10 dancing weapons
  2 two-headed ogres
  2 boulder beetles
  A death yak (Lair:4)
  4 deep troll shamans (Depths:4)
  3 deep troll earth magi
  A death knight (Crypt:3)
  3 spriggan berserkers
  A titan zombie (Crypt:3)
  A sphinx skeleton (Crypt:1)
  5 vampire magi
  6 demonic crawlers
  4 sun demons
  6 soul eaters
  A storm dragon zombie (Crypt:3)
  5 deep elf knights
  4 hell knights
  2 titan skeletons
  7 iron trolls
  3 wretched stars (Abyss:1)
  6 shadow wraiths
  31 skeletal warriors
  4 pharaoh ants
  A goliath frog (Swamp:2)
  A sun moth (Spider:4)
  A death drake (Abyss:1)
  5 large abominations
  A spriggan druid (Swamp:2)
  36 deep trolls
  6 lindwurms
  6 deep elf archers
  5 glowing orange brains
  13 ironbound convokers
  3 wizards
  A bog body (Swamp:2)
  2 orb spiders (Spider:3)
  4 steelbarb worms
  A bunyip skeleton (Crypt:1)
  8 flayed ghosts
  A shadow dragon zombie (Abyss:1)
  2 swamp dragons (Swamp:1)
  2 orc knights (Vaults:3)
  An orange crystal statue (Zot:5)
  A golden dragon skeleton (Crypt:1)
  3 necromancers
  A mana viper (Abyss:1)
  18 phantasmal warriors
  4 harpies (Depths:1)
  11 wolf spiders
  An anaconda skeleton (Crypt:2)
  2 shadow dragon skeletons
  16 deep elf pyromancers
  18 deep elf zephyrmancers
  An orc sorcerer (Orc:1)
  A will-o-the-wisp (Swamp:4)
  2 cyclopes
  3 shining eyes
  14 nameless horrors
  17 moths of wrath
  2 elephants
  A goliath frog skeleton (Crypt:1)
  4 manticores
  A worldbinder (Abyss:1)
  21 ugly things
  A rust devil (Depths:2)
  5 black mambas
  2 eyes of devastation
  17 vault sentinels
  An orange demon (Abyss:1)
  2 centaur skeletons (D:14)
  A cane toad (Lair:5)
  2 torpor snails
  2 smoke demons
  2 komodo dragons
  A freezing wraith (Crypt:1)
  21 yaktaurs
  4 rime drakes
  An efreet (Abyss:1)
  2 green draconian skeletons (Crypt:2)
  A tormentor (Abyss:1)
  2 ancient zymes (Abyss:1)
  A kobold demonologist (D:10)
  A harpy zombie (Crypt:1)
  3 trolls
  A white draconian skeleton (Crypt:3)
  3 polar bears (Lair:5)
  3 tyrant leeches
  A meliai (Spider:4)
  5 hornets
  12 tarantellas
  A satyr zombie (Crypt:3)
  A culicivora zombie (Crypt:2)
  3 harpy skeletons (Crypt:2)
  An ettin zombie (Abyss:1)
  46 slime creatures
  2 raiju
  6 blink frogs
  A black mamba zombie (Crypt:3)
  11 flying skulls
  An air elemental (Elf:1)
  12 jumping spiders
  11 culicivoras
  15 water elementals
  10 wraiths
  3 ettin skeletons (Crypt:2)
  6 ynoxinuls
  3 spriggans
  A slime creature zombie (Crypt:3)
  3 basilisks
  A chaos spawn (Abyss:1)
  12 wyverns
  18 yaks
  2 fire elementals
  30 redbacks
  9 vampire mosquitoes (Depths:3)
  4 small abominations (Abyss:1)
  A faun zombie (Crypt:1)
  2 wargs
  5 swamp worms
  A skyshark zombie (Crypt:2)
  10 hell hounds
  12 water moccasins
  3 naga skeletons (Crypt:2)
  2 swamp drakes
  5 orc warriors
  A two-headed ogre skeleton (Crypt:2)
  An ice beast (D:5)
  A water nymph skeleton (Crypt:3)
  7 black bears
  12 ogres
  A black bear (shapeshifter) (D:15)
  3 great orb of eyes simulacra (IceCv)
  6 boggarts
  7 wolves
  A phantom (D:4)
  6 centaurs
  5 kobold brigands
  9 bullfrogs
  2 gnoll sergeants
  2 scorpions
  An earth elemental (Elf:1)
  A glowing shapeshifter simulacrum (IceCv)
  2 wights (D:7)
  A killer bee (D:8)
  2 howler monkeys
  A raiju skeleton (Crypt:3)
  6 electric eels
  3 hounds
  2 jellies (Lair:5)
  A quasit (Abyss:1)
  A gnoll bouda (D:4)
  2 orc priests
  2 iguanas
  3 iron imps
  5 orc wizards
  A shapeshifter simulacrum (IceCv)
  A deep dwarf zombie (Crypt:3)
  An ice beast zombie (Crypt:1)
  10 adders
  12 gnolls
  A white imp (D:6)
  4 ufetubi
  2 adder skeletons
  4 dart slugs
  36 orcs
  A bat (D:1)
  5 endoplasms
  2 giant cockroaches
  9 goblins
  6 hobgoblins
  14 jackals
  3 quokkas
  5 ball pythons
  A ball python zombie (Crypt:1)
  4 frilled lizards
  A hobgoblin zombie (Crypt:3)
  A jackal skeleton (Crypt:1)
  14 kobolds
  5 rats
1323 creatures vanquished.

Vanquished Creatures (collateral kills)
  2 orbs of fire
  Mara (Vaults:3)
  5 Killer Klowns (Zot:5)
  A curse toe (Zot:5)
  A golden dragon (Zot:5)
  Jory (Depths:3)
  Nikola (Elf:1)
  An electric golem (Zot:5)
  9 tentacled monstrosities
  13 Orb Guardians
  An Ice Fiend (D:2)
  2 liches (Crypt:3)
  A titan (Depths:4)
  2 quicksilver dragons
  An ancient champion (Crypt:2)
  A sphinx (Depths:2)
  2 acid blobs (Slime:5)
  3 death cobs
  2 tentacled starspawn (Abyss:1)
  An Executioner (Zot:5)
  Donald (Swamp:1)
  7 storm dragons
  3 draconian monks
  Roxanne (D:15)
  3 revenants
  3 rockslimes (Slime:5)
  A frost giant (Depths:4)
  The ghost of Crownlay the Severer, a journeyman HOFi of Uskayaw (Orc:2)
  4 fire giants
  A caustic shrike zombie (Crypt:3)
  An azure jelly (IceCv)
  A ghoul (Crypt:3)
  3 draconian scorchers
  A vault warden (Vaults:4)
  3 draconian shifters
  The ghost of Hun Mipn the Crack Shot, an adept DERe of Okawaru (Spider:4)
  4 ghost moths
  An orc warlord (Vaults:3)
  A stone giant (Depths:1)
  2 draconian stormcallers
  2 ironbound preservers
  2 draconian annihilators
  A caustic shrike skeleton (Crypt:2)
  2 very ugly things (Depths:1)
  2 quicksilver oozes
  A reaper (Depths:1)
  2 green draconians
  2 purple draconians
  A lorocyproca (Depths:2)
  2 eleionomae
  10 vampire knights
  2 black draconians
  6 bunyips
  A deep elf annihilator (Elf:2)
  5 white draconians
  4 yellow draconians
  4 red draconians
  4 spark wasps
  4 eidola
  2 jiangshi
  A deep elf death mage (Vaults:3)
  A yaktaur captain (Vaults:4)
  Josephine (Lair:3)
  A quicksilver dragon skeleton (Crypt:2)
  5 fire dragons
  A fenstrider witch zombie (Crypt:3)
  2 deep elf high priests
  An entropy weaver (Spider:2)
  2 vault guards (Vaults:2)
  A spriggan zombie (Crypt:3)
  A rakshasa (Depths:1)
  A ghost crab (Swamp:2)
  9 hydras
  2 ironbound frosthearts
  3 boulder beetles
  2 centaur warriors
  A jorogumo (Spider:3)
  4 ogre magi
  4 dancing weapons
  4 alligators
  16 two-headed ogres
  2 deep troll earth magi
  3 spriggan skeletons (Crypt:2)
  2 death yaks (Lair:4)
  A deep troll shaman (Depths:4)
  3 demonic crawlers
  2 thrashing horrors (Abyss:1)
  5 vampire magi
  5 hell knights
  3 spriggan berserkers
  5 soul eaters
  3 deep elf knights
  3 sun demons
  2 shadow wraiths
  A goliath frog (Swamp:1)
  3 pharaoh ants
  3 iron trolls
  2 sixfirhies
  14 skeletal warriors
  A sun moth (Spider:2)
  A bunyip zombie (Abyss:1)
  A quicksilver dragon simulacrum (Abyss:1)
  2 spriggan druids (Swamp:2)
  A flayed ghost (Crypt:3)
  10 orb spiders
  A bog body (Swamp:1)
  14 deep trolls
  A steelbarb worm (Spider:1)
  A deep elf archer (Elf:1)
  6 swamp dragons
  2 ironbound convokers
  2 wizards
  A harpy (Depths:1)
  A deep elf zephyrmancer (Elf:1)
  3 glowing orange brains
  4 lindwurms
  2 necromancers
  11 phantasmal warriors
  7 deep elf pyromancers
  12 wolf spiders
  4 orc knights (D:15)
  A manticore (Depths:1)
  16 ugly things
  An orc sorcerer (Orc:2)
  4 cyclopes
  8 moths of wrath
  3 will-o-the-wisps
  A worldbinder (Gauntlet)
  2 guardian serpents
  2 elephants (Lair:4)
  An orange demon (Abyss:1)
  A dire elephant zombie (Abyss:1)
  A black mamba (Lair:5)
  3 ice statues
  3 smoke demons (Depths:4)
  6 torpor snails
  An eye of devastation (Slime:5)
  3 centaur skeletons
  A vault sentinel (Vaults:4)
  A naga skeleton (Crypt:2)
  5 cane toads
  A dire elephant skeleton (Crypt:2)
  3 rime drakes
  4 komodo dragons
  6 yaktaurs
  A hellion (Depths:4)
  A tengu conjurer (D:14)
  A red devil (Depths:1)
  A harpy zombie (Crypt:3)
  4 trolls
  A troll (shapeshifter) (Elf:2)
  7 tyrant leeches
  6 hornets
  A meliai (Spider:3)
  6 polar bears
  7 blink frogs
  11 tarantellas
  A raiju (Lair:5)
  2 harpy skeletons (Crypt:2)
  12 jumping spiders
  8 spriggans
  3 large abominations (Abyss:1)
  A slime creature (shapeshifter) (Depths:2)
  20 slime creatures
  10 culicivoras
  An ice dragon skeleton (Crypt:2)
  7 wraiths
  2 ynoxinuls
  An air elemental (Orc:2)
  A wyvern (Lair:3)
  A vampire (D:14)
  2 water elementals
  4 flying skulls (Crypt:1)
  23 yaks
  2 fire elementals
  29 redbacks
  A basilisk (Lair:3)
  A neqoxec (Gauntlet)
  A steam dragon (D:9)
  2 vampire mosquitoes (D:13)
  2 chaos spawn
  3 wargs (Lair:5)
  A naga zombie (Crypt:3)
  Edmund (D:4)
  7 swamp worms
  13 water moccasins
  11 hell hounds
  A demonspawn skeleton (Crypt:2)
  8 swamp drakes
  5 orc warriors
  3 great orb of eyes simulacra (IceCv)
  An ice beast (D:6)
  6 black bears (Lair:5)
  12 wolves
  18 ogres
  A boggart (Vaults:2)
  3 centaurs
  A swamp dragon skeleton (Crypt:2)
  3 slime creature simulacra (IceCv)
  2 small abominations (Abyss:1)
  A phantom (D:4)
  4 kobold brigands
  A bullfrog (Lair:4)
  2 gnoll sergeants
  2 scorpions
  3 glowing shapeshifter simulacra (IceCv)
  A yaktaur skeleton (Crypt:2)
  3 wights
  A killer bee (D:8)
  An electric eel (Spider:3)
  A howler monkey (D:12)
  3 hounds
  An orc priest (Orc:2)
  4 iron imps
  4 jellies
  Jessica (D:2)
  2 iguanas
  Terence (D:3)
  9 orc wizards
  A shapeshifter simulacrum (IceCv)
  Robin (D:2)
  21 gnolls
  2 adders
  An ufetubus (D:7)
  2 worms
  A dart slug (D:3)
  37 orcs
  6 ball pythons
  A bat (D:1)
  A bat skeleton (Crypt:2)
  2 endoplasms
  2 giant cockroaches
  7 goblins
  5 hobgoblins
  9 jackals
  19 kobolds
  3 frilled lizards
  4 rats
  A starspawn tentacle (Abyss:1)
899 creatures vanquished.

Vanquished Creatures (others)
  A bone dragon (Abyss:1)
  An azure jelly (IceCv)
  5 emperor scorpions (Spider:2)
  2 fire giants (Depths:2)
  2 vault wardens (Vaults:4)
  2 draconian scorchers (Zot:3)
  A draconian annihilator (Zot:4)
  2 broodmothers (Spider:4)
  3 stone giants (Depths:2)
  A yellow draconian (Zot:3)
  3 vampire knights
  A purple draconian (Zot:4)
  An eleionoma (Swamp:4)
  A minotaur (Gauntlet)
  5 spark wasps
  An ettin (D:15)
  Snorg (Lair:3)
  A yaktaur captain (Vaults:2)
  2 fire dragons
  A vault guard (Vaults:2)
  A merfolk impaler (Depths:3)
  A jiangshi (Crypt:3)
  2 hydras
  An ice dragon (D:15)
  Harold (D:10)
  2 centaur warriors
  6 two-headed ogres
  A boulder beetle (D:11)
  A tengu warrior (Depths:2)
  4 death yaks (Lair:4)
  A deep troll shaman (Depths:3)
  3 deep troll earth magi
  Urug (Lair:2)
  Sonja (D:11)
  5 hell knights
  2 deep elf knights
  A fire crab (Lair:5)
  5 skeletal warriors
  2 deep trolls (Vaults:4)
  An orb spider (Spider:2)
  2 swamp dragons (Swamp:4)
  2 phantasmal warriors (Crypt:3)
  A lindwurm (Vaults:1)
  5 deep elf zephyrmancers
  2 nameless horrors (Depths:1)
  3 deep elf pyromancers
  A wolf spider (Spider:3)
  6 ugly things
  2 manticores
  A worldbinder (Abyss:1)
  A black mamba (Lair:5)
  A vault sentinel (Vaults:2)
  A cane toad (Lair:3)
  A freezing wraith (Crypt:3)
  An unseen horror (D:11)
  A rime drake (Lair:2)
  4 komodo dragons
  5 trolls
  2 polar bears (Lair:5)
  2 meliai (Spider:3)
  3 tyrant leeches
  2 raiju (Lair:5)
  7 blink frogs
  2 slime creatures (IceCv)
  A shadow (D:10)
  4 jumping spiders
  4 culicivoras
  A water elemental (Elf:1)
  4 yaks
  A wyvern (D:8)
  4 redbacks
  A swamp worm (Swamp:2)
  2 water moccasins
  3 hell hounds
  9 orc warriors
  A sky beast (D:6)
  2 black bears
  3 ogres
  A wolf (Lair:5)
  8 centaurs
  A kobold brigand (D:10)
  A bullfrog (D:8)
  A gnoll sergeant (D:6)
  A scorpion (D:6)
  7 wights
  4 killer bees (D:8)
  6 electric eels
  A howler monkey (D:9)
  An orc wizard (D:5)
  A gnoll (D:8)
  6 orcs
  2 kobolds (D:9)
  21 foxfires
  A spectral weapon (Spider:2)
  4 starspawn tentacles (Abyss:1)
244 creatures vanquished.

Grand Total: 2466 creatures vanquished

Notes
Turn   | Place    | Note
-------+----------+-------------------------------------------
     0 | D:1      | Voda the Mummy Summoner began the quest for the Orb.
     0 | D:1      | Reached XP level 1. HP: 13/13 MP: 4/4
   175 | D:1      | Reached XP level 2. HP: 16/20 MP: 3/5
   280 | D:1      | Found a faded altar of an unknown god.
   412 | D:1      | Learned a level 2 spell: Call Imp
   633 | D:1      | Reached skill level 1 in Fighting
   760 | D:1      | Gained mutation: You are in touch with the powers of death.
                  | [Mummy growth]
   760 | D:1      | Reached XP level 3. HP: 26/26 MP: 5/7
  1434 | D:1      | Learned a level 3 spell: Call Canine Familiar
  1703 | D:2      | Noticed Jessica
  1716 | D:2      | Killed Jessica
  1717 | D:2      | Reached XP level 4. HP: 31/33 MP: 4/9
  2167 | D:2      | Identified the +3 robe of Sin {rPois}
  2193 | D:2      | Noticed Robin
  2245 | D:2      | Killed Robin
  2289 | D:2      | Found Zed Fua's Jewellery Shop.
  2478 | D:2      | Found Bavyc's Distillery.
  2658 | D:3      | Reached XP level 5. HP: 38/38 MP: 6/10
  3216 | D:3      | Found a sacrificial altar of Ru.
  3428 | D:3      | Noticed Terence
  3452 | D:3      | Killed Terence
  3493 | D:3      | Found a hazy altar of Hepliaklqana.
  3684 | D:4      | Learned a level 3 spell: Summon Guardian Golem
  3713 | D:4      | Noticed Edmund
  3834 | D:4      | Noticed a phantom
  3877 | D:4      | Killed a phantom
  3878 | D:4      | Reached skill level 1 in Hexes
  3878 | D:4      | Reached XP level 6. HP: 46/46 MP: 8/12
  3920 | D:4      | Identified the +1 quarterstaff of the Fray {freeze, rC-
                  | rN+++ Dex+2 SInv}
  4211 | D:4      | Reached skill level 5 in Summonings
  4263 | D:4      | Found a runed translucent door.
  4264 | D:4      | Noticed Crazy Yiuf
  4413 | D:4      | Killed Edmund
  4645 | D:4      | Reached XP level 7. HP: 49/52 MP: 12/14
  4731 | D:4      | Learned a level 5 spell: Summon Mana Viper
  4786 | D:4      | Reached skill level 5 in Spellcasting
  5643 | D:5      | Entered Level 5 of the Dungeon
  5717 | D:4      | Identified a scroll of acquirement
  5720 | D:4      | Acquired the +1 lajatang of Sharkskin {spect, Stlth+}
  5916 | D:5      | Reached XP level 8. HP: 60/60 MP: 12/16
  5995 | D:5      | Found a staircase to the Ecumenical Temple.
  6004 | Temple   | Entered the Ecumenical Temple
  6010 | Temple   | Became a worshipper of Ashenzari the Shackled
  6310 | D:5      | Found a transporter.
  6668 | D:5      | Found a transporter.
  7360 | D:6      | Found a shimmering altar of Xom.
  7376 | D:6      | Reached skill level 5 in Hexes
  7507 | D:6      | Reached XP level 9. HP: 66/66 MP: 18/18
  8302 | D:6      | Reached * piety under Ashenzari
  8430 | D:7      | Identified the +5 war axe of Cobwebs {pain, Drain rC+ rCorr
                  | Str+3}
  8469 | D:7      | Found a blossoming altar of Fedhas.
  8473 | D:7      | Reached skill level 5 in Fighting
  9697 | D:8      | Found a snail-covered altar of Cheibriados.
  9763 | D:8      | Learned a level 4 spell: Anguish
  9790 | D:8      | Found an iron altar of Okawaru.
  9894 | D:8      | Reached XP level 10. HP: 77/77 MP: 16/22
  9985 | D:8      | Found a burning altar of Makhleb.
 10369 | D:9      | Found a staircase to the Orcish Mines.
 10409 | D:9      | Reached skill level 1 in Necromancy
 10509 | D:9      | Found a flagged portal.
 10521 | Bailey   | Entered a bailey
 10894 | Bailey   | Reached ** piety under Ashenzari
 11296 | Bailey   | Identified the +6 bardiche of Excruciating Pain {venom,
                  | Will+}
 12562 | D:9      | Noticed a white ugly thing
 12563 | D:9      | Noticed a cyan ugly thing
 13352 | D:10     | Entered Level 10 of the Dungeon
 13399 | D:10     | Found a sparkling altar of Nemelex Xobeh.
 13481 | D:10     | Noticed Harold
 13494 | D:10     | Killed Harold
 13495 | D:10     | Reached skill level 5 in Stealth
 13601 | D:10     | Reached XP level 11. HP: 73/86 MP: 20/25
 13793 | D:10     | Noticed a two-headed ogre
 13806 | D:10     | Killed a two-headed ogre
 14136 | D:10     | Reached skill level 5 in Necromancy
 14376 | D:10     | Found an ancient bone altar of Kikubaaqudgha.
 14496 | D:10     | Reached *** piety under Ashenzari
 14875 | D:11     | Found a staircase to the Lair.
 14883 | D:11     | Found Poiz's Fire Supplies.
 14889 | D:11     | Bought a ring of protection from fire for 375 gold pieces
 15145 | D:11     | Reached **** piety under Ashenzari
 15402 | D:11     | Noticed a boulder beetle
 15508 | D:11     | Killed a boulder beetle
 16112 | D:11     | Noticed Sonja
 16160 | D:11     | Killed Sonja
 16221 | D:11     | Identified the +4 ring mail of Maiko Liucw {rF+ Will+}
 16329 | D:12     | Noticed a purple ugly thing
 16331 | D:12     | Noticed a two-headed ogre
 16447 | D:12     | Noticed Azrael
 16447 | D:12     | Noticed Frances
 16612 | D:11     | Killed Azrael
 16729 | D:11     | Killed a purple ugly thing
 16730 | D:11     | Reached XP level 12. HP: 74/97 MP: 20/27
 17262 | Lair:1   | Entered Level 1 of the Lair of Beasts
 18059 | Lair:1   | Reached skill level 1 in Staves
 18843 | Lair:2   | Found a frozen archway.
 18885 | IceCv    | Entered an ice cave
 18982 | IceCv    | Reached skill level 10 in Summonings
 19509 | IceCv    | Gained mutation: You are strongly in touch with the powers
                  | of death. [Mummy growth]
 19509 | IceCv    | Reached XP level 13. HP: 105/105 MP: 4/29
 19633 | IceCv    | Noticed an azure jelly
 19641 | IceCv    | Killed an azure jelly
 19722 | IceCv    | Found a viscous altar of Jiyva.
 19740 | IceCv    | Noticed an azure jelly
 19759 | IceCv    | Killed an azure jelly
 19760 | IceCv    | Reached skill level 10 in Spellcasting
 19858 | IceCv    | Identified the ring of Ignis's Displeasure {+Blink rC+
                  | rCorr}
 19859 | IceCv    | Identified the ring "Qakes" {rF- rN+ SInv Stlth+}
 19860 | IceCv    | Identified the amulet of Icoyneki {Reflect rC++ rN+ rCorr
                  | SH+5}
 20318 | Lair:2   | Noticed Urug
 20326 | Lair:2   | Killed Urug
 20734 | Lair:3   | Found a gate leading to a gauntlet.
 20842 | Gauntlet | Entered a Gauntlet
 20842 | Gauntlet | Found a transporter.
 20842 | Gauntlet | Found a transporter.
 20842 | Gauntlet | Found a transporter.
 20842 | Gauntlet | Found a transporter.
 20846 | Gauntlet | Found a transporter.
 20862 | Gauntlet | Found a transporter.
 20871 | Gauntlet | Found a transporter.
 20873 | Gauntlet | Found a large runed translucent door.
 20890 | Gauntlet | Found a large runed translucent door.
 20891 | Gauntlet | Found a large runed translucent door.
 20891 | Gauntlet | Found a large runed translucent door.
 20892 | Gauntlet | Found a runed translucent gate.
 20893 | Gauntlet | Found a transporter.
 20893 | Gauntlet | Found a runed translucent gate.
 20894 | Gauntlet | Found a runed translucent gate.
 20895 | Gauntlet | Found a large runed translucent door.
 20895 | Gauntlet | Found a large runed translucent door.
 20896 | Gauntlet | Found a large runed translucent door.
 20897 | Gauntlet | Found a large runed translucent door.
 20907 | Gauntlet | Found a large runed translucent door.
 20907 | Gauntlet | Found a large runed translucent door.
 20907 | Gauntlet | Found a runed translucent door.
 20908 | Gauntlet | Found a large runed translucent door.
 20909 | Gauntlet | Found a large runed translucent door.
 20911 | Gauntlet | Found a transporter.
 20912 | Gauntlet | Found a runed translucent door.
 20919 | Gauntlet | Found a transporter.
 20937 | Gauntlet | Found a transporter.
 20995 | Gauntlet | Found a large runed translucent door.
 20996 | Gauntlet | Found a large runed translucent door.
 20997 | Gauntlet | Found a large runed translucent door.
 20997 | Gauntlet | Found a large runed translucent door.
 21071 | Gauntlet | Found a transporter.
 21215 | Gauntlet | Reached skill level 10 in Hexes
 21287 | Gauntlet | Noticed a minotaur
 21308 | Gauntlet | Killed a minotaur
 21508 | Gauntlet | Identified the +3 war axe of Righteous Fury {freeze, *Rage
                  | rPois rCorr Stlth+}
 21508 | Gauntlet | Identified the staff "Wepeukh" {rF+ rC- rN+ Stlth+ Necro}
 21546 | Gauntlet | Identified the ring "Mifrus" {rPois MP+9 Dex+3}
 21590 | Lair:3   | Identified the +6 ring mail "Cyha" {Dex+5}
 21710 | Lair:3   | Learned a level 7 spell: Summon Hydra
 21967 | Lair:3   | Noticed Josephine
 21975 | Lair:3   | Killed Josephine
 22114 | Lair:3   | Identified the +3 leather armour of the Beginning {Will+
                  | Regen+}
 22462 | Lair:3   | Noticed Snorg
 22471 | Lair:3   | Killed Snorg
 23097 | Lair:4   | Reached skill level 5 in Dodging
 23641 | Lair:4   | Reached XP level 14. HP: 63/111 MP: 7/30
 24608 | Lair:5   | Entered Level 5 of the Lair of Beasts
 25843 | Lair:5   | Found a viscous altar of Jiyva.
 25887 | Lair:5   | Found a staircase to the Slime Pits.
 27386 | D:12     | Killed Frances
 27387 | D:12     | Reached skill level 5 in Staves
 27510 | D:12     | Learned a level 6 spell: Summon Cactus Giant
 27596 | D:12     | Reached skill level 1 in Armour
 28385 | D:13     | Reached skill level 10 in Fighting
 28821 | D:14     | Reached XP level 15. HP: 86/120 MP: 15/32
 29159 | D:14     | Found Kidiz's Antique Weapon Boutique.
 29496 | D:14     | Found Sitoem's Distillery.
 30115 | D:14     | Found a gate to the Vaults.
 30208 | D:14     | Found Xutzoski's Jewellery Emporium.
 30401 | D:14     | Found Puxtodou's Magic Scroll Emporium.
 30415 | D:14     | Bought a scroll of teleportation for 57 gold pieces
 30415 | D:14     | Bought a scroll of teleportation for 57 gold pieces
 30665 | D:15     | Entered Level 15 of the Dungeon
 31012 | D:15     | Noticed Roxanne
 31070 | D:15     | Killed Roxanne
 31727 | D:15     | Found a staircase to the Depths.
 32193 | D:15     | Found the +5 Lochaber axe {reach-cleave, Poleaxe Drain}
 32345 | D:11     | Bought a +1 pair of boots of fire resistance for 247 gold
                  | pieces
 32423 | Lair:2   | Found a staircase to the Swamp.
 32482 | Lair:2   | Found a hole to the Spider Nest.
 32578 | Spider:1 | Entered Level 1 of the Spider Nest
 33726 | Spider:1 | Reached XP level 16. HP: 125/125 MP: 9/32
 35071 | Spider:2 | Reached skill level 5 in Armour
 36049 | Spider:2 | Learned a level 4 spell: Cause Fear
 36306 | Spider:3 | Noticed Bai Suzhen
 36586 | D:11     | Bought the ring of Ryloip {Fire rElec Will+++ Str-2 Stlth+}
                  | for 984 gold pieces
 36659 | Orc:1    | Entered Level 1 of the Orcish Mines
 36949 | Orc:2    | Entered Level 2 of the Orcish Mines
 36949 | Orc:2    | Found a staircase to the Elven Halls.
 37662 | Orc:2    | Found a runed translucent door.
 37668 | Orc:2    | Noticed Crownlay's ghost (journeyman HOFi)
 37810 | Orc:2    | Found Umionipn's Antique Armour Boutique.
 37810 | Orc:2    | Found Deihanlu's Assorted Antiques.
 37811 | Orc:2    | Found Weqag's Assorted Antiques.
 37811 | Orc:2    | Found Omeumiel's Antique Weapon Boutique.
 37819 | Orc:2    | Bought a scroll of blinking for 150 gold pieces
 38013 | Orc:2    | Killed Crownlay's ghost
 38188 | Swamp:1  | Entered Level 1 of the Swamp
 38191 | Swamp:1  | Noticed Donald
 38210 | Swamp:1  | Killed Donald
 38570 | Swamp:1  | Reached XP level 17. HP: 121/133 MP: 14/34
 38938 | Swamp:1  | Reached skill level 1 in Shields
 40161 | Swamp:2  | Reached skill level 1 in Maces & Flails
 40446 | Swamp:3  | Identified the +3 ring mail "Raonum" {rC+ Regen+ Dex-2}
 41260 | Swamp:4  | Entered Level 4 of the Swamp
 41822 | Swamp:4  | Reached skill level 10 in Dodging
 42736 | Swamp:4  | Got a decaying rune of Zot
 43524 | Depths:1 | Entered Level 1 of the Depths
 43760 | Depths:1 | Learned a level 2 spell: Blink
 43790 | Depths:1 | Found a one-way gate leading to the halls of Pandemonium.
 43921 | Depths:1 | Found Jybaetou's Jewellery Shoppe.
 44170 | Depths:1 | Found Jeyng's Jewellery Shoppe.
 44197 | Depths:1 | Found Citug's Book Emporium.
 44237 | Depths:1 | Identified the +3 leather armour of Naujochy {Str+5}
 44794 | Depths:1 | Identified the ring "Elaav" {rPois Int+3 Dex+5 Stlth-}
 44796 | Depths:1 | Found Opuuxoth's Armour Shoppe.
 45096 | Depths:1 | Found Elahoyd's Antique Weapon Shoppe.
 45626 | Depths:2 | Found a one-way gate to the infinite horrors of the Abyss.
 45828 | Depths:2 | Reached XP level 18. HP: 143/143 MP: 17/35
 46125 | Depths:1 | Found a stormy altar of Qazlal.
 46376 | Depths:1 | Found a gateway to Hell.
 46636 | Depths:2 | Found a shimmering blue altar of Sif Muna.
 47472 | Depths:2 | Reached skill level 5 in Shields
 47627 | Depths:2 | Found Xaophown's Jewellery Shop.
 47627 | Depths:2 | Found Oxkaaski's Book Emporium.
 47819 | Depths:2 | Found Efio's Book Emporium.
 48066 | Depths:2 | Noticed a golden dragon
 48256 | Depths:2 | Killed a golden dragon
 49215 | Depths:2 | Reached ***** piety under Ashenzari
 49393 | Depths:3 | Reached skill level 10 in Armour
 50151 | Depths:3 | Noticed Wimmiopn's ghost (adept MfGl)
 50163 | Depths:3 | Found a bloodstained altar of Trog.
 50163 | Depths:3 | Noticed a juggernaut
 50170 | Depths:3 | Found a transporter.
 50220 | Depths:3 | Found a transporter.
 50562 | Depths:3 | Reached XP level 19. HP: 124/155 MP: 32/38
 50767 | Depths:3 | Reached skill level 5 in Maces & Flails
 51645 | Depths:3 | Noticed Jory
 52226 | Depths:3 | Killed Jory
 53025 | Elf:1    | Entered Level 1 of the Elven Halls
 53322 | Orc:2    | Paralysed by an air elemental for 1 turns
 53328 | Orc:2    | Paralysed by an air elemental for 1 turns
 53576 | Elf:1    | Noticed Nikola
 53773 | Orc:2    | Bought a scroll of teleportation for 60 gold pieces
 54578 | Elf:1    | Identified the Volume of Congregated Trauma
 54715 | Elf:1    | Killed Nikola
 55288 | Elf:2    | Found a runed translucent gate.
 55288 | Elf:2    | Found a runed translucent gate.
 55289 | Elf:2    | Found a runed translucent gate.
 55566 | Elf:2    | Found a radiant altar of Vehumet.
 56082 | Elf:2    | Found Qoudaila's Distillery.
 56094 | Elf:2    | Identified the ring of Past Mistakes {Wiz rC+ Str+7}
 56095 | Elf:2    | Found Jile's Armour Boutique.
 56452 | Elf:3    | Entered Level 3 of the Elven Halls
 58229 | Spider:3 | Reached XP level 20. HP: 164/164 MP: 29/39
 58385 | Spider:4 | Entered Level 4 of the Spider Nest
 60536 | Spider:4 | Identified the +0 hat of a Labyrinth {rPois rCorr Dex+2}
 60573 | Spider:4 | Found a runed translucent gate.
 60573 | Spider:4 | Found a runed translucent gate.
 60573 | Spider:4 | Found a runed translucent gate.
 60840 | Spider:4 | Got a gossamer rune of Zot
 60935 | Spider:4 | Noticed Hun Mipn's ghost (adept DERe)
 60954 | Spider:4 | Killed Hun Mipn's ghost
 61015 | Spider:4 | Learned a level 7 spell: Enfeeble
 61303 | Vaults:1 | Entered Level 1 of the Vaults
 61945 | Vaults:1 | Noticed Aizul
 61950 | Vaults:1 | Found Huingiak's Book Shop.
 61965 | Vaults:1 | Killed Aizul
 61972 | Vaults:1 | Bought a book of Winter for 578 gold pieces
 61972 | Vaults:1 | Bought a book of Unlife for 612 gold pieces
 61976 | Vaults:1 | Learned a level 3 spell: Ozocubu's Armour
 63075 | Vaults:2 | Reached skill level 10 in Necromancy
 63669 | Vaults:2 | Reached XP level 21. HP: 172/172 MP: 29/41
 64096 | Vaults:2 | Noticed Mennas
 64278 | Vaults:2 | Found a staircase to the Crypt.
 64530 | Crypt:1  | Entered Level 1 of the Crypt
 64557 | Crypt:1  | Reached skill level 15 in Fighting
 65168 | Crypt:1  | Noticed Vv
 65558 | D:14     | Bought a scroll of amnesia for 76 gold pieces
 65891 | Slime:1  | Entered Level 1 of the Pits of Slime
 67629 | Slime:5  | Entered Level 5 of the Pits of Slime
 67777 | Slime:5  | Noticed the Royal Jelly
 67794 | Slime:5  | Killed the Royal Jelly
 68527 | Slime:5  | Identified the +2 scimitar of the Blessed Realm {freeze,
                  | *Noise rN+ MP+9}
 68527 | Slime:5  | Identified the +5 dire flail of Xeorel {heavy, rN++ Will+}
 68527 | Slime:5  | Identified the amulet "Welooj" {RegenMP Fly Regen+ Int+4
                  | SInv}
 68528 | Slime:5  | Identified the +4 quarterstaff "Spiderslayer" {pain, rF+
                  | MP+9}
 68528 | Slime:5  | Identified the ring of Wyot {Ice Str-2 Slay+2 SInv}
 68696 | Slime:5  | Got a slimy rune of Zot
 68707 | Slime:5  | Acquired 1164 gold pieces
 69187 | Slime:5  | Learned a level 8 spell: Summon Horrible Things
 69570 | Depths:4 | Entered Level 4 of the Depths
 70031 | Depths:3 | Reached skill level 15 in Spellcasting
 71019 | Depths:4 | Found a one-way gateway to a ziggurat.
 71409 | Depths:4 | Found a gate to the Realm of Zot.
 71939 | Depths:4 | Reached XP level 22. HP: 175/182 MP: 34/42
 71992 | Depths:3 | Voluntarily entered the Abyss.
 72069 | Abyss:1  | Found a corrupted altar of Lugonu.
 72072 | Abyss:1  | Found a corrupted altar of Lugonu.
 72072 | Abyss:1  | Found a corrupted altar of Lugonu.
 72100 | Abyss:1  | Found a corrupted altar of Lugonu.
 72619 | Abyss:1  | Paralysed by accursed screaming for 1 turns
 72963 | Abyss:1  | Found a corrupted altar of Lugonu.
 73313 | Abyss:1  | Found a corrupted altar of Lugonu.
 73342 | Depths:3 | Escaped the Abyss
 73926 | Vaults:2 | Killed Mennas
 74764 | Depths:2 | Bought the Handbook of Kismet for 880 gold pieces
 74772 | Depths:2 | Learned a level 7 spell: Haunt
 75278 | Vaults:3 | Noticed Mara
 75394 | Vaults:3 | Noticed Voda's illusion
 75711 | Crypt:1  | Reached ****** piety under Ashenzari
 77242 | Crypt:2  | Reached skill level 10 in Shields
 78339 | Crypt:3  | Entered Level 3 of the Crypt
 78365 | Crypt:3  | Reached skill level 10 in Maces & Flails
 78816 | Crypt:3  | Reached XP level 23. HP: 51/196 MP: 11/46
 79480 | Crypt:3  | Found an ancient bone altar of Kikubaaqudgha.
 79843 | Crypt:3  | Identified Ereshkigal's Parchment of Death
 80698 | Crypt:3  | Reached skill level 15 in Summonings
 80915 | Crypt:3  | Found a staircase to the Tomb.
 80915 | Crypt:3  | Noticed a dread lich
 81021 | Crypt:3  | Killed a dread lich
 81534 | Vaults:3 | Noticed Voda's illusion
 82033 | Vaults:3 | Noticed Voda's illusion
 82069 | Vaults:3 | Killed Mara
 83796 | Vaults:4 | Identified the +2 leather armour of the Special Continents
                  | {rF+}
 84038 | Vaults:4 | Reached XP level 24. HP: 198/204 MP: 47/47
 84553 | Vaults:1 | Bought a book of Debilitation for 340 gold pieces
 84557 | Vaults:1 | Learned a level 3 spell: Vampiric Draining
 85731 | Zot:1    | Entered Level 1 of the Realm of Zot
 86007 | Zot:1    | Found the +4 dragonskin cloak
 86007 | Zot:1    | Noticed Tiamat
 86056 | Zot:1    | Learned a level 3 spell: Confusing Touch
 86142 | Zot:1    | Killed Tiamat
 86899 | Zot:1    | Identified the +4 scale mail "Amacef Akei" {rC- rN+++ Str+7
                  | Int-5}
 87433 | Zot:2    | Acquired Hacimi's Cyclopedia of the Impact
 88325 | Zot:2    | Noticed an orb of fire
 88354 | Zot:2    | Killed an orb of fire
 89753 | Zot:3    | Learned a level 4 spell: Passage of Golubria
 90396 | Zot:3    | Noticed an orb of fire
 90426 | Zot:3    | Killed an orb of fire
 90566 | Zot:3    | Noticed a Killer Klown
 90780 | Zot:3    | Killed a Killer Klown
 90781 | Zot:3    | Reached XP level 25. HP: 212/213 MP: 42/48
 91187 | Zot:4    | Identified the +2 cloak of the Telling Gods {+Blink rPois
                  | rN++ Dex-2}
 91353 | Zot:4    | Reached skill level 15 in Dodging
 93023 | Zot:5    | Entered Level 5 of the Realm of Zot
 93211 | Zot:5    | Noticed an orb of fire
 93247 | Zot:5    | Killed an orb of fire
 93929 | Zot:5    | Noticed an orb of fire
 93947 | Zot:5    | Noticed a Killer Klown
 93949 | Zot:5    | Noticed a Killer Klown
 93963 | Zot:5    | Noticed a Killer Klown
 93963 | Zot:5    | Noticed a Killer Klown
 93963 | Zot:5    | Noticed a Killer Klown
 93963 | Zot:5    | Noticed a Killer Klown
 93963 | Zot:5    | Noticed an orb of fire
 93966 | Zot:5    | a Killer Klown changed into a juggernaut
 93966 | Zot:5    | Noticed a juggernaut
 94024 | Zot:5    | Killed an orb of fire
 94260 | Zot:5    | Killed a Killer Klown
 94332 | Zot:5    | Killed a Killer Klown
 94405 | Zot:5    | Killed a Killer Klown
 94457 | Zot:5    | Killed a juggernaut
 94532 | Zot:5    | Killed a Killer Klown
 94802 | Zot:5    | Noticed a Killer Klown
 95067 | Zot:5    | Killed a Killer Klown
 95162 | Zot:5    | Killed a Killer Klown
 95223 | Zot:5    | Killed an orb of fire
 95264 | Zot:5    | Noticed a Killer Klown
 95290 | Zot:5    | Killed a Killer Klown
 96006 | Zot:5    | Reached XP level 26. HP: 222/222 MP: 35/49
 96882 | Zot:5    | Got the Orb of Zot
 97207 | D:15     | Noticed Japn the pandemonium lord
 97546 | D:$      | Escaped with the Orb!

Illustrated notes

Levels and vault maps discovered:
D:1:      dpeg_arrival_morbid_curiosity, layout_basic,
          chequers_ecumenical_altar_island, minmay_bisected
D:2:      layout_loops_ring, serial_shops, nicolae_shop_industrial_runoff,
          shop_coins, hangedman_decor_clover_reticule, uniq_robin, uniq_jessica
D:3:      minmay_diamond_boxcup, layout_loops_ring,
          mainiacjoe_overflow_alcove_4, general_overflow_altar, uniq_terence
D:4:      lemuel_castle_with_subvaults [lemuel_castle_interior_carwin_3],
          layout_basic, marbit_many_paths, minivault_14,
          corexii_item_surrounded_by_moat, uniq_crazy_yiuf_cottage, uniq_edmund
D:5:      gammafunk_cloud_chamber, layout_loops_ring,
          minmay_temple_entry_junction, lexackson_kobold_supper
D:6:      layout_basic, xom_confusion_cloud, mainiacjoe_overflow_catwalk
D:7:      layout_basic, fedhas_altar_3
D:8:      layout_rooms, hellmonk_okawaru_the_only_friend_you_need,
          cheibriados_altar_1, demons_altar, chequers_hall_statues_y
D:9:      layout_basic, enter_bailey_3, lightli_corner_chamber
D:10:     layout_stronghold, mainiacjoe_overflow_brackets,
          nemelex_xobeh_ov_fountains_minmay, minivault_21, grunt_decor_cap,
          palyth_stone_intersect, uniq_harold
D:11:     layout_layer_cave, david_lair_shrubbed, nicolae_shop_fire_sale
          [nicolae_sub_dead_trees], uniq_sonja
D:12:     layout_cave_pools, uniq_azrael, uniq_frances
D:13:     layout_cave_pools
D:14:     layout_irregular_city, hangedman_vaults_entry_quadrant_bands,
          serial_shops, nicolae_shop_hallway_plus, nicolae_shop_tiny_glass,
          nicolae_shop_gaudy_bauble, nicolae_take_the_stairs,
          hangedman_decor_points, roderic_serpentine_path
D:15:     grunt_enter_depths_hoard, layout_stronghold, nicolae_eternal_life,
          nicolae_guarded_unrand_lochaber, uniq_roxanne
Temple:   minmay_freezing_vapour_temple
Lair:1:   layout_gridlike, beast_lair_carwin_7
Lair:2:   layout_loops_ring, swamp_mist_pool, nicolae_spider_entry_tight_spaces,
          portal_ice_cave_rime, minivault_23, infiniplex_staircase_pool,
          uniq_urug
Lair:3:   layout_layer_cave, gauntlet_entry_generic, uniq_snorg, uniq_josephine
Lair:4:   layout_layer_cave, grunt_megastairs_4, infiniplex_staircase_pool_2
Lair:5:   hangedman_lair_tendril_chambers, layout_loops_ring,
          hangedman_lair_caniforms_friends, nicolae_slime_entry_field_trip
Swamp:1:  layout_falls_marsh, evilmike_swamp_ruin_rubble_1, swamp_pool5,
          st_swamp_ruins_1, uniq_donald
Swamp:2:  layout_basic_swamp, serial_swamp_ruin, evilmike_swamp_ruin_rubble_2,
          evilmike_swamp_ruin_house_6, swamp_pool3,
          nicolae_swamp_orc_logging_accident
Swamp:3:  layout_falls_marsh, hangedman_swamp_cone
Swamp:4:  swamp, layout_basic_swamp
Spider:1: layout_cave_pods, hangedman_spider_tarantella_strand
Spider:2: layout_spider_delve, nicolae_spider_scorpion_nest
Spider:3: layout_cave_pods, nicolae_spider_bzzzt, uniq_bai_suzhen
Spider:4: hellmonk_spider_rune_endless_swarm, ebering_ghost_rock_garden
Slime:1:  layout_caves, cheibrodos_slime_lost_civilization_4
Slime:2:  layout_caves
Slime:3:  layout_caves
Slime:4:  cheibrodos_slime_lost_civilization_2, layout_caves
Slime:5:  slime_pit
Orc:1:    layout_caves, lightli_church_of_beogh
Orc:2:    st_orc_ogre_mass, layout_caves, ebering_ghost_inner_flame
Elf:1:    eino_elf_arrival_shootout, layout_loops_cross, minmay_elf_sorcery,
          uniq_nikola
Elf:2:    elven_hall_of_blades_hangedman_original [nicolae_blade_lattice],
          layout_rooms, basic_altar, minmay_shop_star, uniq_saint_roka
Elf:3:    elf_hall, layout_onion_city, nicolae_elf_v_pinch, david_greed
Vaults:1: nicolae_vaults_oval_intersection, nicolae_vaults_apartment_1,
          v_misc_10, hangedman_vaults_stretched_pinwheel, v_misc_12,
          nicolae_vaults_little_ls, nicolae_vaults_storage_closets_1,
          nicolae_vaults_little_squares_2, ontoclasm_vaults_bender,
          nicolae_vaults_tetromino_T_1, vaults_room_door_ring, v_rooms_3,
          nicolae_vaults_octothorpe, layout_vaults_maze_snakey, serial_shops,
          nicolae_shop_stone, uniq_aizul
Vaults:2: v_rooms_4, nicolae_vaults_yaktaur_gun_rack,
          minmay_crypt_entry_simple_plaza, v_misc_18, hangedman_vaults_capsules,
          nicolae_vaults_bisected_exclaves, nicolae_vaults_hexular_roomagon,
          nicolae_vaults_wine_cellar, nicolae_vaults_trapezoid_2,
          layout_vaults_omnicross, uniq_mennas
Vaults:3: vaults_mumra_chevron_long, ontoclasm_vaults_loading_screen,
          ontoclasm_vaults_shout, vaults_dpeg_diagonal,
          nicolae_vaults_shelves_hall, vaults_room_door_ring, vaults_dpeg_ring,
          hangedman_vaults_hat, nicolae_vaults_trapezoid_1,
          ontoclasm_vaults_gateway, layout_vaults_quadrants, uniq_mara
Vaults:4: nicolae_vaults_trapezoid_1, vaults_standard_mumra_enter_the_diamond,
          nicolae_vaults_mini_display_case, v_misc_25, st_eye, v_misc_30,
          vaults_mumra_chevron, v_misc_26, vaults_room_semicircle,
          grunt_vaults_diagonal, v_pattern_4, nicolae_vaults_sesquioval_fish,
          layout_vaults_ring
Crypt:1:  layout_basic, grunt_crypt_arrival_webbed, uniq_vv
Crypt:2:  minmay_skeleton_keep, layout_catacombs, amcnicky_mini_corridor_feature
Crypt:3:  church_of_pain_bobbens, layout_chaotic_city
Depths:1: layout_gridlike, pf_coc_iceberg, rand_demon_pan_entry_7, serial_shops,
          nicolae_square_shop, nicolae_book_shop_shelving, shop,
          nicolae_shop_peninsula, nicolae_shop_statue_plus,
          nicolae_hexahallways, special_room [special_room_mythical_zoo],
          serial_sigils, serial_sigils_hangedman_scar,
          serial_sigils_hangedman_writhe, serial_sigils_hangedman_gnaw,
          nicolae_qazlal_style_of_elements
Depths:2: minmay_angry_zag, layout_gridville, hell_entry,
          rand_demon_pan_entry_4, abyss_entry, lemuel_blue_sif_altar,
          roderic_malta_cross, grunt_megastairs_2, infiniplex_staircase_diamond,
          firewood_loft, minmay_shop_grove
Depths:3: due_jory_tower, layout_cross, serial_bayou, serial_bayou_lagoon_b,
          serial_bayou_shore_b, serial_bayou_lagoon_a, serial_bayou_ford_a,
          abyss_entry_small_statue_room, gammafunk_ghost_wrathful_warriors,
          hell_entry, minmay_misc_feat_iff, chequers_serial_rivers_small_3
Depths:4: grunt_zot_entry_bicorn, layout_basic, enter_ziggurat_c, hellmouth_3,
          glass_columns_c
Zot:1:    kennysheep_six_static_rooms, layout_gridlike, uniq_tiamat
Zot:2:    layout_basic, hellmonk_greenhouse_of_terror, grunt_megastairs_5
Zot:3:    grunt_zot_stairs_mandelzot, layout_gridlike, lemuel_elevator
Zot:4:    layout_gridville
Zot:5:    layout_gridlike

Skill      XL: |  1  2  3  4  5  6  7  8  9 10 11 12 13 14 15 16 17 18 19 20 21 22 23 24 25 |
---------------+----------------------------------------------------------------------------+-----
Spellcasting   | 3 4 5 6 7 8 9 10 11 12 13 14 15 16 17 18 | 18.8
Fighting       | 1 2 3 4 5 6 7 8 9 10 11 12 13 14 15 16 17 18 | 18.2
Summonings     | 4 5 6 7 8 9 10 12 13 14 15 16 | 16.3
Hexes          | 1 2 3 5 6 7 8 9 10 11 12 13 14 | 14.8
Stealth        | 3 4 5 6 7 8 |  8.2
Necromancy     | 4 6 7 8 9 10 11 12 13 14 | 14.2
Dodging        | 3 4 5 6 7 9 10 11 12 13 14 15 | 15.5
Staves         | 2 3 5 7 |  7.0
Armour         | 1 4 6 8 10 11 12 13 14 | 14.6
Shields        | 3 6 7 8 9 10 11 12 | 12.4
Maces & Flails | 3 4 7 8 9 10 11 12 | 12.3

Action                     |  1- 3 |  4- 6 |  7- 9 | 10-12 | 13-15 | 16-18 | 19-21 | 22-24 | 25-27 || total
---------------------------+-------+-------+-------+-------+-------+-------+-------+-------+-------++-------
  Melee: Mace              |    73 |   101 |       |       |       |       |       |       |       ||   174
         Unarmed           |     8 |       |       |       |       |       |       |       |       ||     8
         Flail             |       |    10 |    74 |       |       |       |       |       |       ||    84
         Punch             |       |     1 |     1 |       |       |       |       |       |       ||     2
         Lajatang          |       |       |   108 |   245 |   367 |   150 |       |       |       ||   870
         Whip              |       |       |       |       |       |   339 |       |       |       ||   339
         Demon whip        |       |       |       |       |       |   650 |  2251 |  2827 |   641 ||  6369
   Cast: Summon Small Mamm |    29 |    31 |    15 |       |       |     1 |     1 |       |       ||    77
         Call Imp          |    11 |    32 |    30 |    28 |     3 |       |       |       |       ||   104
         Summon Guardian G |       |     1 |    24 |    38 |    23 |     4 |       |       |       ||    90
         Call Canine Famil |       |       |    53 |    51 |   106 |    20 |     1 |       |       ||   231
         Summon Mana Viper |       |       |     1 |    36 |   135 |    30 |    20 |     4 |       ||   226
         Anguish           |       |       |       |    65 |    48 |   101 |    59 |    31 |     7 ||   311
         Summon Cactus Gia |       |       |       |       |    55 |   187 |   166 |    55 |     5 ||   468
         Summon Hydra      |       |       |       |       |     1 |    34 |    61 |    38 |     1 ||   135
         Cause Fear        |       |       |       |       |       |     1 |     3 |       |       ||     4
         Ozocubu's Armour  |       |       |       |       |       |       |     1 |       |       ||     1
         Enfeeble          |       |       |       |       |       |       |     1 |    22 |    10 ||    33
         Summon Horrible T |       |       |       |       |       |       |     1 |    19 |    13 ||    33
         Haunt             |       |       |       |       |       |       |       |   111 |   105 ||   216
         Blink             |       |       |       |       |       |       |       |     2 |       ||     2
         Confusing Touch   |       |       |       |       |       |       |       |     1 |       ||     1
         Passage of Golubr |       |       |       |       |       |       |       |       |     1 ||     1
 Invoke: Curse Item        |       |       |     2 |     5 |     2 |     2 |     2 |     3 |       ||    16
         Shatter the Chain |       |       |       |       |     3 |     1 |     2 |       |       ||     6
  Evoke: Wand              |       |       |       |     1 |     3 |     4 |     6 |       |     2 ||    16
         Phantom mirror    |       |       |       |       |       |     1 |       |     1 |       ||     2
         Phial of floods   |       |       |       |       |       |       |     2 |     1 |       ||     3
    Use: Scroll            |       |       |    11 |     1 |     2 |    12 |    28 |     4 |     5 ||    63
   Stab: Sleeping          |     1 |     5 |    11 |     6 |     2 |    10 |    17 |    24 |       ||    76
         Distracted        |       |     2 |       |     4 |     9 |     5 |    22 |    24 |    13 ||    79
         Invisible         |       |       |       |       |       |       |       |    22 |     2 ||    24
 Armour: Robe              |    16 |    61 |    71 |   116 |    19 |       |       |       |       ||   283
         Leather armour    |       |       |       |       |   154 |   356 |       |       |       ||   510
         Fire dragon scale |       |       |       |       |       |    54 |   671 |   545 |   154 ||  1424
  Dodge: Dodged            |    71 |    88 |   157 |   346 |   334 |   586 |   577 |   558 |   193 ||  2910
         Repelled          |       |     1 |       |    13 |    10 |    17 |    26 |    26 |    18 ||   111
  Block: Other             |       |       |       |    88 |   120 |    63 |       |       |       ||   271
         Reflection        |       |       |       |     2 |    10 |    16 |    52 |    37 |     5 ||   122
         Kite shield       |       |       |       |       |       |   944 |  1920 |  2066 |   496 ||  5426

Table legend: (Time is in decaauts)
 A = Elapsed time spent in this place.
 B = Non-inter-level travel time spent in this place.
 C = Inter-level travel time spent in this place.
 D = Time resting spent in this place.
 E = Time spent auto-exploring this place.
 F = Levels seen in this place.
 G = Mean time per level.
                   A        B        C        D        E       F      G
               +--------+--------+--------+--------+--------+-----+--------+
         Total |  95914 |  89300 |   6614 |  23275 |  37166 |  59 | 1625.7 |
       Dungeon |  22755 |  20224 |   2531 |   3357 |  10492 |  15 | 1517.0 |
        Temple |     11 |      7 |      4 |      0 |      0 |   1 |   11.0 |
          Lair |   9285 |   8454 |    831 |   1520 |   4799 |   5 | 1857.0 |
         Swamp |   4930 |   4804 |    126 |   1389 |   2110 |   4 | 1232.5 |
   Spider Nest |   8393 |   7848 |    545 |   2782 |   3270 |   4 | 2098.2 |
    Slime Pits |   3212 |   3113 |     99 |   1023 |   1196 |   5 |  642.4 |
  Orcish Mines |   1989 |   1815 |    174 |    611 |    726 |   2 |  994.5 |
   Elven Halls |   2956 |   2864 |     92 |    985 |    746 |   3 |  985.3 |
        Vaults |   7591 |   6893 |    698 |   1459 |   3351 |   4 | 1897.8 |
         Crypt |   6276 |   6125 |    151 |   1338 |   2856 |   3 | 2092.0 |
        Depths |  12738 |  11886 |    852 |   4326 |   3435 |   4 | 3184.5 |
           Zot |  10870 |  10364 |    506 |   3019 |   3440 |   5 | 2174.0 |
         Abyss |   1210 |   1210 |      0 |    119 |    420 |   1 | 1210.0 |
        Bailey |   1846 |   1846 |      0 |    671 |    248 |   1 | 1846.0 |
      Ice Cave |   1092 |   1092 |      0 |    488 |      6 |   1 | 1092.0 |
      Gauntlet |    754 |    754 |      0 |    188 |     69 |   1 |  754.0 |
               +--------+--------+--------+--------+--------+-----+--------+

Top non-repeatable levels by time:
Depths:3: 4849 daAuts
   Zot:5: 3397 daAuts
Depths:2: 3343 daAuts
    D:11: 2925 daAuts
 Crypt:3: 2647 daAuts
  Lair:5: 2510 daAuts
Depths:1: 2419 daAuts
   Zot:3: 2395 daAuts
Vaults:2: 2388 daAuts
Spider:3: 2315 daAuts
    D:14: 2234 daAuts
Spider:1: 2233 daAuts
Vaults:1: 2190 daAuts
    D:15: 2190 daAuts
     D:4: 2127 daAuts
